 Dungeon Crawl Stone Soup version 0.17-a0-1718-g72dbe4d (webtiles) character file.

1070 urechis the Spear-Bearer (level 8, -2/58 HPs)
             Began as a Demonspawn Fighter on Aug 24, 2015.
             Was a Follower of Makhleb.
             Slain by urechis's ghost (9 damage)
             ... on level 6 of the Dungeon.
             The game lasted 00:06:42 (5528 turns).

urechis the Spear-Bearer (Demonspawn Fighter)       Turns: 5528, Time: 00:06:43

Health: -2/58      AC:  5    Str: 19    XL:     8   Next: 7%
Magic:  8/8        EV:  8    Int: 11    God:    Makhleb [*.....]
Gold:   267        SH:  9    Dex: 15    Spells: 0 memorised, 7 levels left

rFire  . . .     SeeInvis .     a - +0 trident
rCold  . . .     Clarity  .     A - +0 leather armour
rNeg   . . .     SustAt   .     c - +0 shield
rPois  .         Gourm    +     (helmet restricted)
rElec  .         Spirit   .     (no cloak)
rCorr  .         Warding  .     y - +0 pair of gloves
rMut   .         Stasis   .     v - +0 pair of boots
MR     .....                    o - amulet of the gourmand
Stlth  +++.......               (no ring)
                                m - +2 ring of intelligence

@: drained, not resistant to hostile enchantments, fairly stealthy
A: horns 1, thin skeletal structure 1, nightstalker 1, spiny 2
a: Renounce Religion


You were on level 6 of the Dungeon.
You worshipped Makhleb.
Makhleb was aware of your devotion.
You were not hungry.

You visited 1 branch of the dungeon, and saw 6 of its levels.

You collected 267 gold pieces.

Inventory:

Hand weapons
 a - a +0 trident (weapon)
Armour
 c - a +0 shield (worn)
 v - a +0 pair of boots (worn)
 y - a +0 pair of gloves (worn)
 A - a +0 leather armour (worn)
Jewellery
 m - a +2 ring of intelligence (left hand)
 o - an amulet of the gourmand (around neck)
 q - a cursed ring of loudness {unknown}
 B - an uncursed ring of ice {unknown}
 C - an uncursed amulet of faith {unknown}
 J - an uncursed ring of stealth {unknown}
Scrolls
 g - 2 scrolls of random uselessness {unknown}
 h - 3 scrolls of magic mapping {unknown}
 j - 2 scrolls of immolation {unknown}
 n - 3 scrolls of identify {unknown}
 p - 3 scrolls of remove curse {unknown}
 u - 7 scrolls of enchant armour {unknown}
 w - a scroll of amnesia {unknown}
 x - 4 scrolls of blinking {unknown}
 E - a scroll of summoning {unknown}
 I - a scroll of noise {unknown}
Potions
 b - 3 potions of cancellation {unknown}
 d - 2 potions of might
 i - a potion of brilliance {unknown}
 l - 2 potions of agility {unknown}
 s - 3 potions of curing {unknown}
 t - a potion of heal wounds {unknown}
 z - a potion of lignification {unknown}
 D - 2 potions of haste {unknown}
 G - a potion of mutation {unknown}
 H - a potion of degeneration {unknown}
 K - a potion of berserk rage {unknown}
Books
 F - a book of Conjurations

   Spells                             Type                      Level
   a - Magic Dart                     Conjuration                  1
   b - Searing Ray                    Conjuration                  2
   c - Dazzling Spray                 Conjuration/Hexes            3
   d - Fulminant Prism                Conjuration/Hexes            4
   e - Iskenderun's Mystic Blast      Conjuration                  4
   f - Iskenderun's Battlesphere      Conjuration/Charms           5
Comestibles
 e - 5 bread rations
 f - a beef jerky
 k - 10 fruits
 r - a royal jelly


   Skills:
 - Level 3.0(2.7) Fighting
 + Level 8.9(8.6) Polearms
 - Level 2.6(2.4) Armour
 - Level 2.6(2.4) Shields


You had 7 spell levels left.
You didn't know any spells.

Dungeon Overview and Level Annotations

Branches:
Dungeon (6/15)             Temple (0/1) D:4

Altars:
Fedhas
Gozag
Makhleb
Vehumet
Zin

Annotations:
D:6 urechis's ghost, experienced DsAK


Innate Abilities, Weirdness & Mutations

You have a pair of small horns on your head.
You have a somewhat thin skeletal structure (Dex +2, Stealth).
You are slightly more attuned to the shadows.
You are mostly covered in sharp spines.


Message History

You completely miss urechis's ghost.
Urechis's ghost is severely damaged.
You block urechis's ghost's attack.
You closely miss urechis's ghost. Your headbutt misses urechis's ghost.
Urechis's ghost is severely damaged.
Urechis's ghost hits you!
* * * LOW HITPOINT WARNING * * *
You closely miss urechis's ghost.
Urechis's ghost is severely damaged.
Urechis's ghost is struck by your spines.
Urechis's ghost hits you!
* * * LOW HITPOINT WARNING * * *
You hit urechis's ghost but do no damage.
Urechis's ghost is severely damaged.
You block urechis's ghost's attack.
Your shield and leather armour prevent you from hitting urechis's ghost.
You headbutt urechis's ghost.
Urechis's ghost is severely damaged.
Urechis's ghost hits you!
You die...

#...#####)..
#..........(
##.......... ###
########### #..# #
#..# # #..## # #>W###
## #@..### ##.
##....##### ##..
#........#####...
#................
###................
##..†...............
##........######.....
#...####### ####..
#..## ###


You could see urechis's ghost.

Vanquished Creatures
  Sigmund (D:4)
  Eustachio (D:5)
  An ice beast (D:5)
  An ogre (D:4)
  2 giant frogs (D:6)
  A scorpion (D:4)
  A wight (D:5)
  A gnoll shaman (D:4)
  2 orc priests (D:5)
  2 worker ants
  Robin (D:2)
  7 gnolls
  6 adders
  An ooze (D:3)
  2 worms (D:2)
  3 giant geckos
  24 orcs
  A ball python (D:4)
  6 giant cockroaches
  16 goblins
  8 hobgoblins
  4 kobolds
  5 bats
  6 giant newts
  A quokka (D:6)
  7 rats
111 creatures vanquished.

Notes
Turn   | Place    | Note
--------------------------------------------------------------
     0 | D:1      | urechis the Demonspawn Fighter began the quest for the Orb.
     0 | D:1      | Reached XP level 1. HP: 18/18 MP: 1/1
   283 | D:1      | Gained mutation: You have a pair of small horns on your head. [demonic ancestry]
   283 | D:1      | Reached XP level 2. HP: 24/24 MP: 2/2
   989 | D:2      | Reached XP level 3. HP: 10/29 MP: 3/3
  1206 | D:2      | Noticed Robin
  1219 | D:2      | Killed Robin
  1314 | D:2      | Reached XP level 4. HP: 35/35 MP: 4/4
  1373 | D:2      | Reached skill level 4 in Polearms
  1669 | D:2      | Found a radiant altar of Vehumet.
  2142 | D:3      | Found a burning altar of Makhleb.
  2165 | D:3      | Became a worshipper of Makhleb the Destroyer
  2677 | D:3      | Gained mutation: You are partially covered in sharp spines. [demonic ancestry]
  2677 | D:3      | Reached XP level 5. HP: 41/41 MP: 5/5
  2977 | D:4      | Noticed an ogre
  2982 | D:4      | Killed an ogre
  2982 | D:4      | Reached skill level 5 in Polearms
  3134 | D:4      | Noticed Sigmund
  3149 | D:4      | Killed Sigmund
  3149 | D:4      | Reached skill level 6 in Polearms
  3149 | D:4      | Gained mutation: You have a somewhat thin skeletal structure (Dex +2, Stealth). [demonic ancestry]
  3149 | D:4      | Reached XP level 6. HP: 38/47 MP: 6/6
  3587 | D:4      | Found a staircase to the Ecumenical Temple.
  3677 | D:4      | Acquired Makhleb's first power
  3677 | D:4      | Reached skill level 7 in Polearms
  3677 | D:4      | Gained mutation: You are slightly more attuned to the shadows. [demonic ancestry]
  3677 | D:4      | Reached XP level 7. HP: 52/52 MP: 7/7
  3922 | D:5      | Entered Level 5 of the Dungeon
  4089 | D:5      | Found a glowing silver altar of Zin.
  4205 | D:5      | Found a blossoming altar of Fedhas.
  4271 | D:5      | Noticed Eustachio
  4286 | D:5      | Killed Eustachio
  4799 | D:6      | Reached skill level 8 in Polearms
  5014 | D:6      | Found an opulent altar of Gozag.
  5140 | D:5      | HP: 1/52 [wight/enchanted mace (4)]
  5401 | D:5      | Gained mutation: You are mostly covered in sharp spines. [demonic ancestry]
  5401 | D:5      | Reached XP level 8. HP: 55/58 MP: 8/8
  5509 | D:6      | Noticed urechis's ghost (experienced DsAK)
  5528 | D:6      | Slain by urechis's ghost

Vault maps used:
D:1:      co_arrival_square_in_a_square_in_a_square
D:2:      vehumet_crystals, first_bread, due_unseen_surprise, uniq_robin
D:3:      lemuel_upstairs_altar, old_standard_altar, kennysheep_cross_bottleneck
D:4:      temple_fountains, uniq_sigmund
D:5:      lemuel_crystal_altar, kennysheep_little_box,
          minmay_misc_feat_four_crosses, uniq_eustachio
D:6:      grunt_gozag_breadcrumbs

Action                   |  1- 3 |  4- 6 |  7- 9 || total
-------------------------+-------+-------+-------++-------
Melee: Trident           |   125 |   152 |    99 ||   376
       Unarmed           |    13 |       |       ||    13
 Stab: Confused          |     2 |       |       ||     2
       Sleeping          |       |       |     3 ||     3
       Distracted        |       |       |     1 ||     1
  Eat: Chunk             |     1 |    18 |     1 ||    20
